 Dungeon Crawl Stone Soup version 0.23.0-42-geed6394 (webtiles) character file.

Game seed: 9005401558449878292

2697 Kairos the Cleaver (level 9, -15/47 HPs)
             Began as a Vine Stalker Fighter on Feb 28, 2019.
             Demolished by a red ugly thing (17 damage)
             ... on level 7 of the Dungeon.
             The game lasted 00:09:39 (5545 turns).

Kairos the Cleaver (Vine Stalker Fighter)           Turns: 5545, Time: 00:09:40

Health: -15/47     AC: 12    Str: 24    XL:     9   Next: 65%
Magic:  0/10       EV: 13    Int:  8    God:
Gold:   492        SH: 10    Dex: 14    Spells: 8/8 levels left

rFire    . . .     SeeInvis .   w - +4 flail (holy)
rCold    . . .     Gourm    .   c - +0 shield
rNeg     . . .     Faith    .   m - +0 chain mail
rPois    .         Spirit   +   l - +0 helmet
rElec    .         Reflect  .   (no cloak)
rCorr    .         Harm     .   (no gloves)
MR       +....                  j - +0 pair of boots
Stlth    ..........             u - amulet of regeneration
HPRegen  0.95/turn              e - +2 ring of strength
MPRegen  0.12/turn              x - +4 ring of evasion

@: about to teleport
A: fangs 3, talons 1, repulsion field 1, regeneration 1, magic shield, antimagic
bite, no potion heal 3, rot immunity
a: no special abilities


You were on level 7 of the Dungeon.
You were not hungry.

You visited 2 branches of the dungeon, and saw 9 of its levels.
You also visited: Sewer.

You collected 492 gold pieces.

Inventory:

Hand Weapons
 a - a +0 war axe
 w - a +4 flail of holy wrath (weapon)
Armour
 b - a +0 scale mail
 c - a +0 shield (worn)
 j - a +0 pair of boots (worn)
 l - a +0 helmet (worn)
 m - a +0 chain mail (worn)
Jewellery
 e - a +2 ring of strength (left hand)
 u - an amulet of regeneration (around neck)
 x - a +4 ring of evasion (right hand)
Wands
 i - a wand of flame (22)
Scrolls
 g - 3 scrolls of remove curse
 h - a scroll of fog
 q - a scroll of magic mapping {unknown}
 v - 2 scrolls of blinking {unknown}
 y - a scroll of enchant armour {unknown}
 A - a scroll of amnesia {unknown}
Potions
 d - 2 potions of might
 k - 4 potions of curing
 n - 2 potions of ambrosia {unknown}
 o - 2 potions of flight {unknown}
 p - 2 potions of haste {unknown}
 r - a potion of magic {unknown}
 t - 2 potions of berserk rage {unknown}
 z - a potion of cancellation {unknown}
 B - 4 potions of agility
Comestibles
 f - 11 rations


   Skills:
 + Level 5.2 Fighting
 + Level 8.4 Axes
 + Level 4.8 Armour
 + Level 2.2 Dodging
 + Level 0.7 Stealth
 + Level 5.2 Shields


You had 8 spell levels left.
You didn't know any spells.
Your spell library was empty.

Dungeon Overview and Level Annotations

Branches:
Dungeon (8/15)             Temple (1/1) D:5
   Lair: D:8-11

Altars:
Ashenzari
Cheibriados
Elyvilon
Fedhas
Gozag
Hepliaklqana
Kikubaaqudgha
Makhleb
Nemelex Xobeh
Qazlal
Ru
Sif Muna
Trog
Uskayaw
Vehumet
Wu Jian
Xom
Yredelemnul
Zin
The Shining One

Shops:
D:4 ?

Annotations:
D:3 1 runed translucent door, Lanoc's ghost, amateur FoGl


Innate Abilities, Weirdness & Mutations

You have razor-sharp teeth.
Your natural rate of healing is unusually fast.
When hurt, damage is shared between your health and your magic reserves.
Your bite disrupts and absorbs the magic of your enemies.
Potions cannot restore your health.
You are immune to rotting.
You have sharp toenails.
You are surrounded by a mild repulsion field. (EV +2)


Message History

You block the red ugly thing's attack.
You closely miss the red ugly thing. Your bite misses the red ugly thing.
The red ugly thing is heavily wounded.
The red ugly thing trunk-slaps you!
You are engulfed in flames!!
You are too injured to fight recklessly!
You are too injured to fight recklessly!
You are too injured to fight recklessly!
Your +4 flail of holy wrath softly glows with a divine radiance!
w - a +4 flail of holy wrath (weapon)
The red ugly thing closely misses you.
Your chain mail prevents you from hitting the red ugly thing.
Your bite misses the red ugly thing.
The red ugly thing is heavily wounded.
The red ugly thing trunk-slaps you!
You are engulfed in flames!
* * * LOW HITPOINT WARNING * * *
As you read the scroll of teleportation, it crumbles to dust.
You feel strangely unstable. The red ugly thing trunk-slaps you.
* * * LOW HITPOINT WARNING * * *
You are engulfed in flames!!
You die...

###...###
#.....(#
#......##
#.......#
###...#.#
#...#.########
##.##.........
#.###########
#@# #u#
..>.........#
.......>.......
###########.###
#


You could see a red ugly thing.

Vanquished Creatures
  Sigmund (D:5)
  A wyvern (D:8)
  Edmund (D:4)
  A water moccasin (D:7)
  2 orc warriors (D:7)
  2 ice beasts
  3 ogres
  A phantom (D:8)
  A crocodile (Sewer)
  A centaur (D:8)
  2 bullfrogs
  2 scorpions
  3 howler monkeys
  2 crimson imps
  6 orc priests
  2 centaur skeletons
  2 jellies (D:5)
  A gnoll shaman (D:7)
  5 orc wizards
  2 bullfrog skeletons (D:4)
  6 worker ants
  4 gnolls (D:6)
  A river rat (D:4)
  6 adders
  A shadow imp (D:5)
  An adder zombie (D:5)
  2 worms
  4 dart slugs
  6 leopard geckos
  23 orcs
  5 ball pythons
  6 giant cockroaches
  9 goblins
  12 hobgoblins
  6 jackals (D:1)
  6 kobolds
  4 quokkas
  14 bats
  7 frilled lizards
  2 jackal zombies
  14 rats
180 creatures vanquished.

Notes
Turn   | Place    | Note
-------+----------+-------------------------------------------
     0 | D:1      | Kairos the Vine Stalker Fighter began the quest for the
                  | Orb.
     0 | D:1      | Reached XP level 1. HP: 11/11 MP: 2/2
    69 | D:1      | Reached XP level 2. HP: 4/16 MP: 1/3
   376 | D:1      | Reached skill level 2 in Axes
   513 | D:1      | Reached XP level 3. HP: 8/19 MP: 2/4
  1859 | D:1      | Gained mutation: You have sharp toenails. [potion of
                  | mutation]
  1859 | D:1      | Gained mutation: You are surrounded by a mild repulsion
                  | field. (EV +2) [potion of mutation]
  1995 | D:2      | Gained mutation: Your natural rate of healing is unusually
                  | fast. [Vine Stalker growth]
  1995 | D:2      | Reached XP level 4. HP: 16/24 MP: 3/5
  2377 | D:2      | Reached skill level 3 in Axes
  2377 | D:2      | Reached XP level 5. HP: 26/28 MP: 6/6
  2379 | D:2      | Found a hazy altar of Hepliaklqana.
  2575 | D:2      | Found a shimmering altar of Xom.
  2577 | D:2      | Found a shimmering altar of Xom.
  2577 | D:2      | Found a hide-covered altar of Uskayaw.
  2579 | D:2      | Found a shadowy altar of Dithmenos.
  2579 | D:2      | Found an ornate altar of the Wu Jian Council.
  2579 | D:2      | Found a bloodstained altar of Trog.
  3153 | D:3      | Reached skill level 1 in Dodging
  3255 | D:3      | Found an opulent altar of Gozag.
  3260 | D:3      | Reached XP level 6. HP: 32/32 MP: 7/7
  3283 | D:3      | Found a runed translucent door.
  3285 | D:3      | Noticed a troll
  3285 | D:3      | Noticed Lanoc's ghost (amateur FoGl)
  3406 | D:4      | Found a glowing drain.
  3418 | Sewer    | Entered a sewer
  3566 | D:4      | Reached skill level 4 in Axes
  3588 | D:4      | Found Mostregrez's Magic Scroll Shoppe.
  3639 | D:4      | Reached XP level 7. HP: 25/37 MP: 5/8
  3677 | D:4      | Found a glowing silver altar of Zin.
  3831 | D:4      | Noticed Edmund
  3854 | D:4      | Killed Edmund
  3854 | D:4      | Reached skill level 5 in Axes
  4308 | D:5      | Entered Level 5 of the Dungeon
  4389 | D:5      | Gained mutation: You have razor-sharp teeth. [Vine Stalker
                  | growth]
  4389 | D:5      | Reached XP level 8. HP: 42/42 MP: 9/9
  4422 | D:5      | Noticed Sigmund
  4431 | D:5      | Killed Sigmund
  4431 | D:5      | Reached skill level 6 in Axes
  4550 | D:5      | Found a staircase to the Ecumenical Temple.
  4616 | Temple   | Entered the Ecumenical Temple
  4749 | D:5      | Found an ancient bone altar of Kikubaaqudgha.
  5056 | D:6      | Reached skill level 7 in Axes
  5113 | D:6      | You fall through a shaft for 2 floors!
  5122 | D:8      | Reached XP level 9. HP: 46/46 MP: 10/10
  5218 | D:7      | Found a white marble altar of Elyvilon.
  5232 | D:7      | Reached skill level 5 in Shields
  5249 | D:7      | Reached skill level 8 in Axes
  5333 | D:7      | Reached skill level 5 in Fighting
  5530 | D:7      | Noticed a red ugly thing
  5545 | D:7      | HP: 2/47 [red ugly thing (3)]
  5545 | D:7      | Demolished by a red ugly thing

Skill      XL: |  1  2  3  4  5  6  7  8  9 |
---------------+----------------------------+-----
Axes           | 2 3 4 5 7 8 |  8.4
Fighting       | 3 4 5 |  5.2
Shields        | 3 4 5 |  5.2
Armour         | 3 4 |  4.8
Dodging        | 1 2 |  2.2
Stealth        | |  0.7

Action                   |  1- 3 |  4- 6 |  7- 9 || total
-------------------------+-------+-------+-------++-------
Melee: War axe           |   119 |   194 |   256 ||   569
       Bite              |    31 |    44 |    93 ||   168
       Flail             |       |       |     1 ||     1
  Use: Potion            |     3 |       |     1 ||     4
       Scroll            |       |     5 |     3 ||     8
  Eat: Chunk             |     2 |     7 |     7 ||    16
Armor: Scale mail        |    81 |    13 |       ||    94
       Chain mail        |       |   107 |    91 ||   198
Dodge: Dodged            |    60 |    82 |    76 ||   218
Block: Shield            |    81 |   140 |   120 ||   341
